Map: Dusk Towers

Players

Miszu - Winner!

  • Race: Terran Terran
  • League: Master

Brazko

  • Race: Zerg Zerg
  • League: Master

VOD

Have the link to the VOD?

Description

Time

  • Played on: March 8, 2016, 1:39 p.m.
  • Length: 3:09
Show
View Real Time Build Order
Export as new Build Order

Miszu Terran - Winner!

Build Orders:  

Get SALT Encoding   

  12  0:00  SCV  
  13  0:12  SCV  
  14  0:19  Supply Depot  
  14  0:24  SCV  
  16  0:44  Barracks  
  16  0:52  Barracks  
  15  1:05  Barracks  
  15  1:30  Marine  
  15  1:31  Barracks  
  16  1:39  Marine  
  17  1:40  Supply Depot  
  17  1:48  Marine  
  17  1:53  Marine  
  19  1:57  Marine  
  20  2:06  Marine  
  21  2:11  Marine  
  21  2:14  Marine  
  23  2:22  Marine  
  23  2:24  Marine  
  23  2:28  Marine  
  24  2:32  Marine  
  25  2:40  Marine  
  25  2:42  Marine  
  26  2:46  Marine  
  26  2:50  Marine  
  28  2:52  Supply Depot  
Show
View Real Time Build Order
Export as new Build Order

Brazko Zerg 

Build Orders: Hatch First 

Get SALT Encoding   

  12  0:01  Drone  
  13  0:12  Overlord  
  13  0:17  Drone  
  14  0:30  Drone  
  14  0:31  Drone  
  14  0:34  Drone  
  17  0:53  Hatchery  
  17  0:55  Drone  
  17  0:59  Drone  
  17  1:02  Extractor  
  17  1:06  Drone  
  18  1:18  Spawning Pool  
  18  1:20  Drone  
  18  1:28  Drone  
  19  1:41  Overlord  
  19  2:05  Queen x2  
  19  2:06  Zergling x6  
  26  2:08  Spine Crawler  
  23  2:24  Spine Crawler  
  23  2:29  Spine Crawler  
  19  2:36  Zergling x2  
Tags
 
Add a new tag
Caveats
  • Supply blocks, unpowered buildings, or Contaminate may cause inaccurate times.
  • Supply counts are checked every 10 seconds.